 Dungeon Crawl Stone Soup version 0.28-a0-563-gf77a47075d (webtiles) character file.

Game seed: 1742531243632264567

91 Woods the Skirmisher (level 4, -2/29 HPs)
             Began as a Gargoyle Fighter on Sept 30, 2021.
             Was a Believer of Uskayaw.
             Slain by an iguana (6 damage)
             ... on level 2 of the Dungeon.
             The game lasted 00:02:54 (2225 turns).

Woods the Skirmisher (Gargoyle Fighter)             Turns: 2225, Time: 00:02:54

Health: -2/29      AC: 10    Str: 19    XL:     4   Next: 57%
Magic:  4/4        EV:  9    Int:  9    God:    Uskayaw [**....]
Gold:   72         SH:  4    Dex: 10    Spells: 3/3 levels left

rFire   . . .      SeeInvis .   a - +0 flail
rCold   . . .      Faith    .   c - +0 buckler
rNeg    + . .      Spirit   .   b - +0 scale mail
rPois   ∞          Reflect  .   (no helmet)
rElec   +          Harm     .   (no cloak)
rCorr   .          Rampage  .   (no gloves)
Will    .....                   (no boots)
Stlth   ..........              (no amulet)
HPRegen 0.09/turn               (no ring)
MPRegen 0.09/turn               (no ring)

@: no status effects
A: sickness immunity, AC +3, negative energy resistance 1, electricity
resistance, torment resistance 1, petrification resistance
a: Renounce Religion, Stomp, Line Pass


You were on level 2 of the Dungeon.
You worshipped Uskayaw.
Uskayaw was noncommittal.
You visited 1 branch of the dungeon, and saw 2 of its levels.

You collected 72 gold pieces.

Inventory:

Hand Weapons
 a - a +0 flail (weapon)
Armour
 b - a +0 scale mail (worn)
 c - a +0 buckler (worn)
Scrolls
 f - a scroll of fog {unknown}
 h - 4 scrolls of identify {unknown}
 i - a scroll of teleportation {unknown}
Potions
 d - a potion of might
 e - 2 potions of mutation {unknown}
 g - 2 potions of brilliance {unknown}
 j - a potion of resistance {unknown}
 k - a potion of lignification {unknown}


   Skills:
 + Level 4.0 Fighting
 * Level 3.5 Maces & Flails
 - Level 3.4 Armour
 + Level 3.8 Shields


You had 3 spell levels left.
You didn't know any spells.
Your spell library contained the following spells:

 Spells                   Type           Power      Damage    Failure   Level
 Sandblast                Erth           0%         2d4       77%         1
 Passwall                 Tmut/Erth      0%         N/A       88%         2
 Stone Arrow              Conj/Erth      0%         3d7       98%         3


Dungeon Overview and Level Annotations

Branches:
Dungeon (2/15)

Altars:
Uskayaw


Innate Abilities, Weirdness & Mutations

You are immune to sickness and miasma.
Your stone body is resilient. (AC +3)
You are immune to poison.
You resist negative energy. (rN+)
You are resistant to electric shocks. (rElec)
You are resistant to unholy torment.
You are immune to petrification.


Message History

You kill the bat!
You now have 72 gold pieces (gained 12).
A ball python comes into view.
A ball python is nearby!
A ball python is nearby!
A ball python is nearby!
You closely miss the ball python. You block the ball python's attack. x2
You closely miss the ball python. The ball python closely misses you.
The ball python grabs you. The ball python constricts you.
The ball python bites you but does no damage.
The ball python constricts you.
You hit the ball python.
You kill the ball python!
You see here 15 arrows.
Found a stone staircase leading up.
An iguana comes into view.
The iguana hisses angrily.
An iguana is nearby!
You hit the iguana.
The iguana is lightly wounded.
The iguana bites you but does no damage.
You hit the iguana.
The iguana is moderately wounded.
The iguana bites you but does no damage.
You hit the iguana.
The iguana is moderately wounded.
The iguana bites you but does no damage.
The iguana bites you!
You hit the iguana.
The iguana is heavily wounded.
The iguana bites you!
You can now pass through a line of other dancers.
You barely miss the iguana.
The iguana is heavily wounded.
The iguana bites you!
* * * LOW HITPOINT WARNING * * *
You hit the iguana.
The iguana is severely wounded.
The iguana bites you.
You die...

##.._.......#
#.#...
#......###.###.#.##
#[.(...# #.##....#
#.###..###.......#
#.# ##.....##....#
#.# ####.###..#.#
#.# #.# #.##.#
#.#######.# #.##.#
#<@l...##.# #.##.##
######.##.# #.##..#
#.# #.###.# #.# #.#
#.# #.###.# #......
######.. .........
#######..


You could see an iguana.

Vanquished Creatures
  Jessica (D:2)
  2 worms (D:2)
  3 dart slugs (D:1)
  9 ball pythons
  7 bats
  3 endoplasms
  3 giant cockroaches (D:2)
  5 goblins
  4 hobgoblins
  3 quokkas (D:1)
  2 frilled lizards (D:1)
  2 kobolds
  3 rats
47 creatures vanquished.

Notes
Turn   | Place    | Note
-------+----------+-------------------------------------------
     0 | D:1      | Woods the Gargoyle Fighter began the quest for the Orb.
     0 | D:1      | Reached XP level 1. HP: 14/14 MP: 1/1
   102 | D:1      | Reached XP level 2. HP: 15/19 MP: 2/2
   992 | D:1      | Reached XP level 3. HP: 23/24 MP: 3/3
  1357 | D:2      | Found a hide-covered altar of Uskayaw.
  1364 | D:2      | Became a worshipper of Uskayaw the Reveller
  1417 | D:2      | Reached * piety under Uskayaw
  1472 | D:2      | Found a faded altar of an unknown god.
  1797 | D:2      | Reached ** piety under Uskayaw
  1844 | D:2      | Reached XP level 4. HP: 29/29 MP: 4/4
  1852 | D:2      | Noticed Jessica
  1858 | D:2      | Killed Jessica
  1859 | D:2      | Reached skill level 4 in Fighting
  2225 | D:2      | Slain by an iguana

Illustrated notes

Levels and vault maps discovered:
D:1:      minmay_arrival_widening_spiral_wide, layout_loops_cross,
          serial_park_tiny_pond, kennysheep_decorative_pillar,
          minmay_liquid_box, minmay_misc_feat_five
D:2:      layout_loops_ring, basic_altar,
          shapermc_ecumenical_altar_mp_ritualfount, uniq_jessica

Skill      XL: |  1  2  3  4 |
---------------+-------------+-----
Maces & Flails | 3 |  3.5
Fighting       | 4 |  4.0
Armour         | |  3.4
Shields        | |  3.8

Action                   |  1- 3 |  4- 6 || total
-------------------------+-------+-------++-------
Melee: Flail             |    95 |    32 ||   127
Armor: Scale mail        |    50 |    18 ||    68
Dodge: Dodged            |    34 |    13 ||    47
Block: Buckler           |    21 |     5 ||    26

Table legend: (Time is in decaauts)
 A = Elapsed time spent in this place.
 B = Non-inter-level travel time spent in this place.
 C = Inter-level travel time spent in this place.
 D = Time resting spent in this place.
 E = Time spent auto-exploring this place.
 F = Levels seen in this place.
 G = Mean time per level.
                   A        B        C        D        E       F      G
               +--------+--------+--------+--------+--------+-----+--------+
         Total |   2262 |   2221 |     41 |    394 |   1457 |   2 | 1131.0 |
       Dungeon |   2262 |   2221 |     41 |    394 |   1457 |   2 | 1131.0 |
               +--------+--------+--------+--------+--------+-----+--------+

Top non-repeatable levels by time:
     D:1: 1341 daAuts
     D:2: 921 daAuts
